Map: Abyssal Reef LE

Players

Warren

  • Race: Zerg Zerg
  • League: Grandmaster
  • Spawn Location: 11:00

Maplez - Winner!

  • Race: Protoss Protoss
  • League: Master
  • Spawn Location: 5:00

VOD

Have the link to the VOD?

Description

Time

  • Played on: June 25, 2017, 4:14 p.m.
  • Length: 12:47
Show
View Real Time Build Order
Export as new Build Order

Warren Zerg 

Build Orders: Hatch First 

Get SALT Encoding   

  12  0:00  Drone  
  13  0:12  Overlord  
  13  0:17  Drone  
  14  0:25  Drone, Extractor  
  15  0:46  Hatchery  
  15  0:49  Drone  
  15  0:54  Drone  
  16  0:57  Drone  
  17  1:10  Extractor  
  16  1:17  Spawning Pool  
  15  1:27  Drone x3  
  18  1:40  Drone  
  19  1:52  Overlord  
  19  1:59  Drone  
  19  2:01  Drone  
  21  2:04  Queen  
  21  2:05  Queen  
  25  2:11  Metabolic Boost  
  26  2:15  Zergling x2  
  26  2:18  Drone  
  26  2:21  Drone  
  28  2:26  Drone  
  29  2:31  Drone  
  31  2:37  Drone  
  31  2:41  Drone  
  32  2:49  Hatchery  
  31  2:52  Queen  
  31  2:56  Overlord  
  33  3:00  Zergling x2  
  34  3:06  Drone x2  
  36  3:15  Overlord  
  36  3:16  Drone x3  
  36  3:17  Drone  
  36  3:18  Drone  
  41  3:21  Drone  
  41  3:26  Spore Crawler  
  41  3:27  Spore Crawler  
  41  3:29  Drone  
  41  3:33  Drone x2  
  43  3:35  Drone  
  43  3:41  Overlord  
  44  3:43  Drone  
  45  3:49  Drone x4  
  45  3:54  Lair  
  49  3:58  Drone x2  
  49  3:59  Drone  
  49  4:02  Evolution Chamber  
  51  4:09  Drone x3  
  54  4:15  Drone x2  
  54  4:18  Extractor  
  54  4:19  Extractor  
  54  4:21  Drone x2  
  54  4:27  Drone x2  
  54  4:28  Drone x3, Baneling Nest  
  54  4:29  Spore Crawler  
  57  4:35  Zergling x6  
  60  4:45  Zerg Melee Weapons Level 1  
  60  4:46  Overlord  
  60  4:47  Overlord  
  60  4:49  Overlord  
  60  4:56  Overlord  
  60  4:59  Hydralisk Den  
  59  5:06  Drone x7  
  66  5:10  Extractor  
  65  5:17  Drone x5  
  65  5:20  Drone  
  71  5:22  Drone  
  71  5:23  Drone x6  
  71  5:25  Extractor  
  77  5:32  Zergling x4  
  77  5:36  Zergling x2  
  77  5:41  Zergling x6  
  71  5:51  Zergling x4  
  71  5:54  Overlord x3  
  67  6:06  Zergling x14  
  65  6:41  Hydralisk x9  
  83  6:49  Queen, Overseer  
  83  6:53  Zerg Missile Weapons Level 1  
  85  6:56  Overlord  
  85  6:57  Hydralisk x2  
  89  7:02  Queen  
  89  7:08  Hydralisk x2  
  93  7:11  Centrifical Hooks  
  95  7:15  Hydralisk  
  97  7:23  Overlord x2  
  97  7:26  Muscular Augments  
  97  7:33  Zergling x14  
  97  7:34  Zergling x2  
  105  7:54  Zergling x4  
  105  7:55  Zergling x8  
  102  8:07  Baneling x13  
  102  8:08  Baneling  
  98  8:24  Hydralisk x9  
  116  8:34  Zergling x6  
  116  8:35  Zergling x2  
  120  8:47  Baneling x11  
  120  8:48  Baneling x2  
  118  9:08  Overseer  
  118  9:15  Overlord x4  
  112  9:32  Overlord  
  112  9:33  Overlord x2  
  107  9:44  Zergling x22  
  108  9:47  Lurker Den  
  98  10:08  Hydralisk x9  
  98  10:10  Baneling x7  
  98  10:11  Baneling x13  
  116  10:15  Extractor  
  115  10:27  Hydralisk, Hatchery  
  115  10:28  Hydralisk x3  
  118  10:33  Baneling x3  
  118  10:34  Baneling  
  95  10:51  Zergling x26  
  105  11:07  Baneling  
  105  11:08  Baneling  
  105  11:10  Baneling x13  
  105  11:11  Baneling x4  
  103  11:28  Hydralisk x6  
  108  11:46  Hydralisk x5  
  88  12:08  Zergling x6  
  88  12:09  Zergling x16  
Show
View Real Time Build Order
Export as new Build Order

Maplez Protoss - Winner!

Build Orders: 1 Gate Expand, Oracle Opening, Phoenix Opening, Zealot Archon 

Get SALT Encoding   

  12  0:01  Probe (Chrono Boost)  
  13  0:11  Probe (Chrono Boost)  
  14  0:19  Pylon  
  14  0:22  Probe (Chrono Boost)  
  15  0:37  Probe (Chrono Boost)  
  15  0:39  Gateway  
  16  0:47  Probe (Chrono Boost)  
  16  0:49  Assimilator  
  17  0:58  Probe (Chrono Boost)  
  18  1:08  Probe (Chrono Boost)  
  19  1:19  Probe (Chrono Boost)  
  20  1:27  Nexus  
  20  1:30  Probe (Chrono Boost)  
  21  1:39  Cybernetics Core  
  21  1:42  Probe (Chrono Boost)  
  22  1:51  Assimilator  
  22  1:56  Pylon  
  22  1:57  Probe (Chrono Boost)  
  23  2:10  Pylon  
  23  2:14  Probe (Chrono Boost)  
  24  2:16  Warp Gate, Adept (Chrono Boost)  
  26  2:26  Probe  
  27  2:33  Stargate  
  27  2:38  Probe  
  27  2:40  Adept (Chrono Boost)  
  27  2:43  Probe  
  29  2:50  Probe (Chrono Boost)  
  31  2:55  Probe (Chrono Boost)  
  32  3:02  Probe (Chrono Boost)  
  32  3:04  Adept  
  35  3:06  Probe (Chrono Boost)  
  36  3:13  Probe (Chrono Boost)  
  36  3:15  Probe (Chrono Boost)  
  36  3:17  Oracle (Chrono Boost)  
  41  3:20  Gateway  
  41  3:24  Probe  
  42  3:27  Gateway, Probe  
  43  3:36  Pylon, Probe  
  43  3:38  Probe  
  45  3:51  Mothership Core  
  45  3:54  Phoenix (Chrono Boost)  
  49  3:55  Probe  
  50  4:07  Nexus  
  50  4:08  Probe  
  51  4:12  Probe  
  52  4:20  Probe  
  52  4:21  Pylon  
  52  4:23  Probe  
  54  4:38  Pylon, Probe  
  54  4:39  Probe  
  54  4:40  Oracle (Chrono Boost), Adept  
  61  4:48  Probe  
  61  4:50  Pylon  
  61  4:51  Assimilator  
  62  4:54  Assimilator  
  62  4:56  Pylon, Probe  
  62  4:58  Adept x2  
  62  4:59  Probe  
  67  5:02  Adept  
  70  5:08  Probe  
  70  5:09  Probe  
  72  5:20  Probe x3  
  73  5:25  Robotics Facility  
  75  5:30  Probe  
  75  5:31  Probe  
  75  5:32  Probe  
  78  5:41  Probe x2  
  79  5:44  Probe  
  79  5:49  Adept x3  
  81  5:51  Probe  
  81  5:52  Probe  
  81  5:53  Twilight Council  
  81  5:54  Forge  
  81  5:56  Probe  
  84  6:02  Probe x2  
  84  6:09  Probe  
  84  6:10  Assimilator  
  84  6:11  Assimilator  
  83  6:13  Probe  
  83  6:14  Probe  
  83  6:17  Observer (Chrono Boost), Protoss Ground Weapons Level 1  
  86  6:21  Charge (Chrono Boost), Probe  
  86  6:22  Gateway  
  86  6:24  Gateway  
  86  6:25  Gateway, Probe  
  87  6:26  Gateway, Probe  
  87  6:27  Adept  
  87  6:28  Adept x2  
  87  6:29  Pylon  
  95  6:34  Probe  
  95  6:36  Probe  
  95  6:37  Warp Prism (Chrono Boost)  
  91  6:40  Probe  
  92  6:51  Templar Archives  
  92  6:53  Pylon  
  92  7:03  Pylon  
  92  7:04  Pylon  
  92  7:05  Zealot x2  
  92  7:06  Zealot  
  98  7:10  Immortal (Chrono Boost)  
  98  7:12  Photon Cannon  
  102  7:18  Robotics Facility  
  102  7:20  Pylon  
  102  7:29  High Templar x5  
  112  7:33  Archon x2  
  112  7:35  Pylon, Zealot x2  
  116  7:41  Psionic Storm  
  116  7:42  Probe x2  
  118  7:45  Probe  
  118  7:48  Pylon  
  118  7:49  Immortal (Chrono Boost)  
  123  7:52  Pylon  
  123  7:53  Pylon  
  123  7:54  Pylon  
  123  7:56  Adept x2  
  127  7:59  Protoss Ground Weapons Level 2  
  127  8:02  Zealot  
  127  8:03  Zealot x4  
  131  8:06  Probe  
  131  8:09  Gateway  
  132  8:13  Cybernetics Core  
  132  8:18  Probe  
  128  8:23  Immortal (Chrono Boost)  
  130  8:27  Zealot x3  
  130  8:30  Pylon  
  130  8:31  High Templar x3, Pylon  
  142  8:35  Archon x2  
  142  8:40  Photon Cannon  
  146  8:42  Photon Cannon, Immortal (Chrono Boost)  
  146  8:43  Photon Cannon  
  146  8:55  High Templar  
  142  8:57  High Templar  
  142  9:01  Immortal (Chrono Boost)  
  148  9:06  Mothership Core  
  146  9:12  Pylon  
  146  9:17  Gateway x2  
  146  9:22  Gateway  
  146  9:23  Nexus  
  150  9:24  Immortal (Chrono Boost)  
  150  9:34  High Templar  
  150  9:35  High Templar  
  146  9:42  Archon  
  118  9:46  Archon, Zealot  
  118  9:47  Zealot x4  
  128  9:53  Probe  
  128  9:55  Probe  
  128  9:58  Nexus  
  128  9:59  Immortal (Chrono Boost)  
  134  10:03  Immortal (Chrono Boost)  
  124  10:11  High Templar x2  
  124  10:12  High Templar  
  124  10:14  Probe  
  131  10:15  Probe x2  
  131  10:17  Pylon  
  133  10:25  High Templar  
  133  10:27  Zealot x5  
  133  10:28  Zealot  
  149  10:36  Immortal (Chrono Boost), Oracle  
  149  10:42  Archon x2  
  142  10:44  Zealot  
  142  10:45  Zealot x3  
  142  10:49  Probe  
  143  10:51  Pylon  
  143  11:03  High Templar x3  
  147  11:06  Probe x2  
  147  11:11  Immortal (Chrono Boost)  
  147  11:12  Pylon, Assimilator  
  147  11:14  Photon Cannon, Assimilator  
  147  11:16  Photon Cannon  
  145  11:21  Probe  
  145  11:24  Observer (Chrono Boost)  
  147  11:37  Probe  
  144  11:42  Probe  
  144  11:45  Zealot  
  144  11:46  Zealot x9  
  127  12:02  Probe  
  127  12:05  Immortal x2 (Chrono Boost)  
  136  12:11  Zealot  
  136  12:12  Zealot x9  
  154  12:18  Photon Cannon  
  132  12:34  High Templar  
  132  12:35  High Templar x7  
Tags
 
Add a new tag
Caveats
  • Supply blocks, unpowered buildings, or Contaminate may cause inaccurate times.
  • Supply counts are checked every 10 seconds.